 Dungeon Crawl Stone Soup version 0.22-a0-358-g7563fe7 (webtiles) character file.

286727 grindst0ne the Spry (level 21, -2/141 HPs)
             Began as a Kobold Berserker on Apr 18, 2018.
             Was a High Priest of Trog.
             Killed by the air
             ... invoked by Sojobo
              (37 damage)
             ... on level 3 of the Vaults.
             The game lasted 02:22:09 (51579 turns).

grindst0ne the Spry (Kobold Berserker)             Turns: 51579, Time: 02:22:10

Health: -2/141     AC: 30    Str: 16    XL:     21   Next: 52%
Magic:  44/44      EV: 23    Int: 21    God:    Trog [*****.]
Gold:   632        SH: 19    Dex: 15    Spells: 20/20 levels left

rFire    + + .     SeeInvis .   s - +7 quick blade (freeze)
rCold    . . .     Gourm    .   I - +1 shield {AC+3}
rNeg     . . .     Faith    .   B - +3 fire dragon scales {Xtahua}
rPois    .         Spirit   .   t - +3 hat of Pondering {ponderous, MR+ MP+10 Int+5}
rElec    .         Reflect  +   P - +1 cloak {MR+}
rCorr    .         Harm     .   T - +2 pair of gloves
MR       +++++                  l - +0 pair of boots
Stlth    ..........             K - +3 amulet of reflection
HPRegen  1.33/turn              m - ring of magical power
MPRegen  0.29/turn              L - ring of protection from cold

@: flying (expiring), very slightly contaminated, regenerating, slow
A: small, carnivore
}: 2/15 runes: decaying, serpentine
a: Berserk, Trog's Hand, Brothers in Arms, Renounce Religion


You were on level 3 of the Vaults.
You worshipped Trog.
Trog was extremely pleased with you.
You were very full.

You visited 6 branches of the dungeon, and saw 34 of its levels.
You also visited: Sewer and Ice Cave.

You collected 3736 gold pieces.
You spent 3104 gold pieces at shops.

Inventory:

Hand Weapons
 b - a +1 demon blade of freezing
 s - a +7 quick blade of freezing (weapon)
 E - a +2 scimitar of flaming
Armour
 l - a +0 pair of boots (worn)
 t - the +3 hat of Pondering (worn) {ponderous, MR+ MP+10 Int+5}
   (You bought it in a shop on level 1 of the Vaults)

   It affects your intelligence (+5).
   It affects your resistance to hostile enchantments.
   It affects your magic capacity (+10).
 B - +3 fire dragon scales (worn) {Xtahua}
 I - a +1 shield of protection (worn)
 P - a +1 cloak of magic resistance (worn)
 T - a +2 pair of gloves (worn)
 U - +0 swamp dragon scales
 Z - the +10 chain mail "Emiot" {rElec rF- rN+++ Slay+6}
   (You found it on level 14 of the Dungeon)

   It affects your accuracy and damage with ranged weapons and melee attacks
   (+6).
   It makes you vulnerable to fire.
   It insulates you from electricity.
   It renders you almost immune to negative energy.
Jewellery
 m - a ring of magical power (left hand)
 G - an uncursed ring of protection from magic
 H - an uncursed amulet of faith
 K - a +3 amulet of reflection (around neck)
 L - a ring of protection from cold (right hand)
 O - an uncursed ring of see invisible
Wands
 h - a wand of random effects (19)
 v - a wand of acid (4)
 C - a wand of iceblast (17)
 D - a wand of paralysis (51)
 J - a wand of flame (31)
 Q - a wand of disintegration (36)
 R - a wand of digging (17)
Scrolls
 a - 4 scrolls of magic mapping
 i - 5 scrolls of enchant armour
 u - 5 scrolls of fog
 w - 9 scrolls of teleportation
 x - 13 scrolls of remove curse
 y - 6 scrolls of enchant weapon
 F - 3 scrolls of blinking
 X - 8 scrolls of identify
Potions
 d - 3 potions of magic
 e - 2 potions of heal wounds
 f - 2 potions of mutation
 g - 4 potions of might
 j - 4 potions of agility
 k - 2 potions of curing
 n - 3 potions of haste
 o - 5 potions of brilliance
 p - 7 potions of lignification
 q - 2 potions of berserk rage
 z - 6 potions of flight
 A - 4 potions of ambrosia
 S - 2 potions of cancellation
 Y - 2 potions of invisibility
Miscellaneous
 r - a phial of floods (inert)
 M - a lightning rod (inert)
 N - 3 boxes of beasts
 V - a lamp of fire (inert)
Comestibles
 c - 57 rations


   Skills:
 - Level 18.0 Fighting
 - Level 12.0(12.2) Short Blades
 - Level 2.1(5.4) Long Blades
 + Level 15.7 Armour
 - Level 18.0 Dodging
 - Level 17.0 Shields
 - Level 6.0 Evocations


You had 20 spell levels left.
You didn't know any spells.

Dungeon Overview and Level Annotations

Branches:
Dungeon (15/15)            Temple (0/1) D:5            Lair (6/6) D:11
  Swamp (4/4) Lair:3        Snake (4/4) Lair:2        Slime (0/5) Lair:5
    Orc (2/2) D:9             Elf (0/3) Orc:2        Vaults (3/5) D:14
  Crypt (0/3) Vaults:2     Depths (0/5) D:15

Altars:
Dithmenos
Elyvilon
Fedhas
Gozag
Hepliaklqana
Makhleb
Okawaru
Uskayaw
Xom
Beogh
Jiyva

Shops:
D:8 [([=   D:10 *   D:13 %   Orc:2 (%:[([   Snake:2 *   Vaults:1 [(=
Vaults:3 (

Portals:
Trove: Vaults:2 (give +3 storm dragon scales)

Annotations:
D:4 1 runed door
Lair:5 exclusion: downstairs
Vaults:3 Sojobo


Innate Abilities, Weirdness & Mutations

You are small and have problems with some larger weapons.
You are carnivorous and can eat meat at any time.


Message History

Aim: Sojobo, wielding a great sword of electrocution and wearing a runed ring mail (raging winds, almost dead, deflecting missiles) Attack!
You are engulfed in raging winds.
* * * LOW HITPOINT WARNING * * *
The air elemental barely misses you. You block the air elemental's attack.
The air elemental completely misses you.
The air elemental closely misses you. x2; You block Sojobo's attack.
Sojobo pecks you but does no damage. You block Sojobo's attack.
You hit Sojobo but do no damage.
Sojobo is almost dead.
You are engulfed in raging winds.
You block the air elemental's attack. The air elemental misses you.
Blink to where?
Press: ? - help, Dir - move target cursor, p - Sojobo You are very lightly contaminated with residual magic.
As you read the scroll of blinking, it crumbles to dust.
The winds around the air elemental start to calm down.
The air elemental hits your iron troll but does no damage.
Sojobo waves her feathered arms in wide circles.
The air twists around and violently strikes you in flight!
You die...

....#).#..#§§#§§#.........#
....#))#..#§'#..#§........#
.#.....#.§§§.'..#.§§.§....###
....#..#..EE§'..#.§§§§§§§.#.#.
....#..#..#§§#..#.§§§§§§§.'...
#.###..#..#C≈#.)#.§§§§§§§.#.#.
.. ...#..#QQ#..#.§§TE§§§.# ..
....#..#*§#..#§§§QL§§§.# ##
#####..#.H#..@.EE§§§§§.#
#.:#..#).#§§§§§§§§.#
#######.........# ###########


You could see Sojobo, a lich, 3 air elementals and a friendly iron troll
(berserk).

Vanquished Creatures
  the Lernaean hydra (Swamp:4)
  Bai Suzhen (Snake:3)
  Xtahua (Vaults:3)
  2 sphinxes
  Frances (Swamp:2)
  A thorn hunter (Swamp:4)
  2 fire giants
  10 nagarajas
  A ghost moth (shapeshifter) (D:13)
  4 deep elf sorcerers (Vaults:2)
  7 vault wardens
  The ghost of Totori the Geomancer, a journeyman DrEE of Kikubaaqudgha (Lair:5)
  10 ironheart preservers
  2 deep elf demonologists
  2 stone giants
  3 deep elf annihilators
  The ghost of Galewind the Eclecticist, a journeyman DEFE of Vehumet (Orc:1)
  A white draconian (IceCv)
  An ettin (Vaults:3)
  Josephine (Lair:5)
  A fire dragon (Vaults:1)
  Erolcha (D:9)
  Fannar (Lair:1)
  7 yaktaur captains
  An ice dragon (Vaults:1)
  5 vault guards
  A ghost crab (Swamp:4)
  11 naga warriors
  6 centaur warriors
  Erica (D:9)
  14 hydras
  A death knight (Vaults:2)
  A catoblepas (D:12)
  4 anacondas
  12 alligators
  4 ogre magi
  4 tengu warriors
  2 death yaks (IceCv)
  A deep troll earth mage (Vaults:3)
  9 naga sharpshooters
  16 two-headed ogres
  Urug (Lair:3)
  7 shock serpents
  6 deep elf knights
  A shadow wraith (Vaults:3)
  Nergalle (Lair:1)
  6 salamander mystics
  9 swamp dragons
  A flayed ghost (Vaults:3)
  3 sea snakes (Snake:1)
  6 deep trolls
  4 spriggan druids
  2 wizards
  4 harpies (Vaults:2)
  3 deep elf archers
  4 unseen horrors
  A skeletal warrior (D:14)
  8 naga ritualists
  3 necromancers
  5 orc knights
  6 mana vipers
  A phantasmal warrior (Vaults:2)
  6 ironbrand convokers
  2 orc sorcerers (Vaults:3)
  10 salamanders
  8 deep elf magi
  25 ugly things
  5 cyclopes
  2 human zombies (Vaults:3)
  3 wolf spiders
  3 manticores
  An ice statue (IceCv)
  16 naga magi
  A frost giant skeleton (Vaults:3)
  6 guardian serpents
  25 black mambas
  7 vault sentinels
  A torpor snail (Lair:5)
  A gargoyle (D:14)
  7 freezing wraiths
  14 spiny frogs
  3 kobold demonologists (D:12)
  6 centaur skeletons
  3 komodo dragons
  14 yaktaurs
  2 rime drakes
  2 ice devils (D:11)
  A queen bee (Lair:4)
  4 meliai
  A tengu conjurer (D:15)
  8 hornets
  A troll (Orc:1)
  6 tyrant leeches
  21 polar bears
  A polar bear (shapeshifter) (D:15)
  13 bog bodies
  3 harpy skeletons (D:15)
  6 hippogriffs
  24 slime creatures
  A tengu simulacrum (Vaults:3)
  2 dream sheep (D:11)
  A hippogriff (shapeshifter) (Vaults:1)
  7 spriggans
  A centaur simulacrum (D:13)
  10 wraiths
  5 wyverns
  2 shadows
  A basilisk (shapeshifter) (Vaults:1)
  75 yaks
  A basilisk (D:12)
  4 vampire mosquitoes
  2 hungry ghosts
  6 insubstantial wisps
  16 swamp worms
  60 nagas
  10 wargs
  10 water moccasins
  A two-headed ogre zombie (D:9)
  6 acid dragons
  12 swamp drakes
  9 porcupines
  32 orc warriors
  9 black bears
  8 hell hounds (Lair:6)
  14 ogres
  5 ice beasts
  An eye of draining (D:12)
  7 sky beasts
  2 necrophages
  41 wolves
  3 phantoms
  15 crocodiles
  5 boggarts
  An ogre (shapeshifter) (Vaults:2)
  21 centaurs
  11 big kobolds
  19 bullfrogs
  2 wyvern zombies
  An ogre simulacrum (Vaults:1)
  A scorpion (D:5)
  A troll zombie (D:9)
  32 killer bees
  9 wights (D:8)
  5 electric eels
  A howler monkey (D:4)
  7 crimson imps
  6 centaur zombies
  A bullfrog zombie (D:8)
  2 jellies
  7 hounds
  A bullfrog skeleton (D:7)
  18 orc priests
  15 orc wizards
  4 iguanas
  10 worker ants
  6 ogre zombies (D:9)
  2 hound skeletons
  A howler monkey zombie (D:9)
  8 gnolls
  3 worker ant zombies
  A howler monkey skeleton (D:5)
  14 adders
  5 river rats
  5 shadow imps
  An ooze (D:1)
  An adder skeleton (D:7)
  4 worms
  4 dart slugs
  6 leopard geckos
  58 orcs
  4 giant cockroaches
  7 goblins
  8 hobgoblins
  19 jackals
  4 quokkas
  8 ball pythons
  6 bats
  7 frilled lizards
  A goblin skeleton (D:9)
  3 goblin zombies (D:9)
  A hobgoblin skeleton (D:9)
  3 hobgoblin zombies (D:9)
  A jackal skeleton (D:4)
  36 kobolds
  A leopard gecko skeleton (D:7)
  15 orc zombies (D:9)
  A quokka skeleton (D:6)
  A quokka zombie (D:7)
  27 rats
1331 creatures vanquished.

Vanquished Creatures (collateral kills)
  Donald (Vaults:3)
  A nagaraja (Snake:3)
  A stone giant (Vaults:2)
  2 ironheart preservers
  A vault guard (Vaults:2)
  A ghost crab (Swamp:3)
  2 catoblepae
  3 hydras (Swamp:3)
  A centaur warrior (Vaults:2)
  A deep troll shaman (D:14)
  2 two-headed ogres
  The ghost of Amnesiac the Destroyer, a journeyman DECj of Sif Muna (Lair:2)
  2 swamp dragons (Swamp:2)
  2 deep trolls (Vaults:2)
  A deep elf archer (Vaults:2)
  3 ironbrand convokers
  2 deep elf magi (Vaults:2)
  An ugly thing (Vaults:3)
  A black mamba (Lair:6)
  A vault sentinel (Vaults:2)
  A spiny frog (Swamp:3)
  2 meliai (Lair:4)
  A raiju (Lair:6)
  4 slime creatures (D:12)
  7 yaks
  A warg (Lair:6)
  6 hell hounds (Lair:6)
  A swamp drake (Swamp:2)
  A sky beast (D:9)
  4 black bears (Lair:6)
  6 wolves (Lair:6)
  A crocodile (Lair:2)
  13 killer bees (Lair:4)
  A jelly (D:9)
  A howler monkey zombie (D:9)
  3 jackals (D:10)
  An orc skeleton (D:9)
  An orc zombie (D:9)
  A fungus (Lair:4)
  A plant (Lair:4)
87 creatures vanquished.

Vanquished Creatures (others)
  Vashnia (Snake:2)
  2 tengu reavers (Vaults:3)
  A stone giant (Vaults:3)
  A yaktaur captain (Vaults:1)
  A hydra (Swamp:4)
  3 naga sharpshooters
  2 deep elf archers
  An ugly thing (Swamp:2)
  An ironbrand convoker (Vaults:3)
  An orc knight (Vaults:3)
  5 yaktaurs
  A meliai zombie (D:13)
  An orc wizard (D:14)
  An orc (Vaults:3)
  22 fungi
  24 plants
68 creatures vanquished.

Grand Total: 1486 creatures vanquished

Notes
Turn   | Place    | Note
-------+----------+-------------------------------------------
     0 | D:1      | grindst0ne the Kobold Berserker began the quest for the Orb.
     0 | D:1      | Reached XP level 1. HP: 14/14 MP: 1/1
     6 | D:1      | Noticed a black mamba
     6 | D:1      | Noticed a four-headed hydra
     7 | D:1      | Noticed a polar bear
     7 | D:1      | Noticed a hog
   139 | D:1      | Reached XP level 2. HP: 18/19 MP: 2/2
   362 | D:1      | Reached XP level 3. HP: 15/24 MP: 3/3
   777 | D:2      | Found a hazy altar of Hepliaklqana.
  1319 | D:3      | Reached XP level 4. HP: 16/29 MP: 4/4
  1383 | D:3      | Reached ** piety under Trog
  1437 | D:3      | Reached skill level 5 in Short Blades
  1635 | D:3      | Reached XP level 5. HP: 24/33 MP: 5/5
  1826 | D:3      | Found a shimmering altar of Xom.
  1945 | D:3      | Found a faded altar of an unknown god.
  2251 | D:4      | Reached XP level 6. HP: 11/39 MP: 6/6
  2645 | D:4      | Reached *** piety under Trog
  2645 | D:4      | Reached skill level 5 in Fighting
  2679 | D:4      | Noticed a hippogriff
  2717 | D:4      | Killed a hippogriff
  2717 | D:4      | Reached skill level 5 in Dodging
  2717 | D:4      | Reached XP level 7. HP: 6/44 MP: 7/7
  3209 | D:4      | Found a runed door.
  3210 | D:4      | Found a white marble altar of Elyvilon.
  3210 | D:4      | Noticed an angel
  3451 | D:4      | Found an opulent altar of Gozag.
  3644 | D:5      | Entered Level 5 of the Dungeon
  3696 | D:5      | Reached XP level 8. HP: 45/51 MP: 8/8
  3752 | D:5      | Found a staircase to the Ecumenical Temple.
  3920 | D:5      | Found an iron altar of Okawaru.
  4075 | D:5      | Found a shadowy altar of Dithmenos.
  4250 | D:5      | Found a glowing drain.
  4254 | D:5      | Reached **** piety under Trog
  4259 | Sewer    | Entered a sewer
  4595 | Sewer    | Reached skill level 1 in Evocations
  4595 | Sewer    | Reached XP level 9. HP: 57/57 MP: 8/10
  4692 | Sewer    | Reached ***** piety under Trog
  5172 | D:5      | Found a hide-covered altar of Uskayaw.
  5749 | D:6      | Found an iron altar of Okawaru.
  6296 | D:7      | Reached skill level 10 in Short Blades
  6468 | D:7      | Reached skill level 5 in Evocations
  6803 | D:7      | Reached XP level 10. HP: 54/66 MP: 14/14
  7376 | D:8      | Found Feeng's Antique Weapon Shop.
  7376 | D:8      | Found Jesteen's Antique Armour Emporium.
  7678 | D:8      | Bought a runed rapier for 189 gold pieces
  7683 | D:8      | Bought a runed chain mail for 187 gold pieces
  7760 | D:8      | Found a burning altar of Makhleb.
  7763 | D:8      | Found a shadowy altar of Dithmenos.
  7769 | D:8      | Found Lodd's Antique Armour Emporium.
  7799 | D:8      | Found Qecuwk's Jewellery Shoppe.
  8183 | D:8      | Got an ichor-stained ring mail
  8194 | D:8      | Identified the cursed +1 ring mail of the Lair of Beasts {+Inv rF- Int+5} (You found it on level 8 of the Dungeon)
  8456 | D:9      | Noticed Erolcha
  8457 | D:9      | Paralysed by Erolcha for 5 turns
  8470 | D:9      | Killed Erolcha
  8470 | D:9      | Reached skill level 10 in Fighting
  8470 | D:9      | Reached skill level 5 in Armour
  8527 | D:9      | Noticed a two-headed ogre
  8546 | D:9      | Killed a two-headed ogre
  8783 | D:9      | Found a staircase to the Orcish Mines.
  8813 | D:9      | Reached XP level 11. HP: 73/73 MP: 15/15
  9183 | D:9      | Noticed Erica
  9191 | D:9      | Killed Erica
  9644 | D:9      | Found a burning altar of Makhleb.
  9729 | D:9      | Found a blossoming altar of Fedhas.
  9833 | D:10     | Entered Level 10 of the Dungeon
  9894 | D:10     | Noticed a catoblepas
  9911 | D:10     | Killed a catoblepas
 10238 | D:10     | Found Qionail's Assorted Antiques.
 10260 | D:10     | Killed an unseen horror
 10395 | D:8      | Bought a runed shield for 217 gold pieces
 10568 | D:10     | Reached skill level 1 in Shields
 10622 | D:10     | Noticed a two-headed ogre
 10629 | D:10     | Killed a two-headed ogre
 10836 | D:11     | Noticed a two-headed ogre
 10842 | D:11     | Killed a two-headed ogre
 10867 | D:11     | Reached XP level 12. HP: 66/80 MP: 16/16
 11017 | D:11     | Found a staircase to the Lair.
 11027 | D:11     | Reached skill level 5 in Shields
 11107 | D:11     | Found a frozen archway.
 11204 | IceCv    | Entered an ice cave
 11459 | IceCv    | Received a gift from Trog
 11479 | IceCv    | Got an ancient hand crossbow {god gift}
 11480 | IceCv    | Identified the +7 hand crossbow of the Five Queens {freeze, Fragile +Blink rPois rF+++ Int-2} (Trog gifted it to you in an ice cave)
 11708 | IceCv    | Noticed a death yak
 11734 | IceCv    | Killed a death yak
 12581 | IceCv    | Noticed a death yak
 12605 | IceCv    | Killed a death yak
 12647 | IceCv    | Reached XP level 13. HP: 66/85 MP: 17/17
 12738 | IceCv    | Noticed a white draconian
 12743 | IceCv    | Killed a white draconian
 12767 | IceCv    | Reached skill level 10 in Shields
 13019 | IceCv    | Got a crystal dire flail
 13964 | D:11     | Noticed a two-headed hydra
 13991 | D:11     | Killed a two-headed hydra
 14026 | D:11     | Reached ****** piety under Trog
 14156 | D:12     | Received a gift from Trog
 14217 | Lair:1   | Entered Level 1 of the Lair of Beasts
 14308 | Lair:1   | Noticed Nergalle
 14332 | Lair:1   | Killed Nergalle
 14373 | Lair:1   | Noticed Fannar
 14410 | Lair:1   | Killed Fannar
 15797 | Lair:2   | Noticed Amnesiac's ghost (journeyman DECj)
 15809 | Lair:2   | Killed Amnesiac's ghost
 16887 | Lair:2   | Found a staircase to the Snake Pit.
 17170 | Lair:3   | Noticed a seven-headed hydra
 17180 | Lair:3   | Killed a one-headed hydra
 17212 | Lair:3   | Reached XP level 14. HP: 77/91 MP: 18/18
 17287 | Lair:3   | Received a gift from Trog
 17504 | Lair:3   | Found a staircase to the Swamp.
 17536 | Lair:3   | Noticed Urug
 18008 | Lair:3   | Killed Urug
 19224 | Lair:4   | Got an encrusted scimitar
 19225 | Lair:4   | Identified the +7 scimitar of Sunlight {antimagic, rC+} (You found it on level 4 of the Lair of Beasts)
 19280 | Lair:5   | Noticed Josephine
 19309 | Lair:5   | Killed Josephine
 19309 | Lair:5   | Reached skill level 10 in Dodging
 19436 | Lair:5   | HP: 3/91 [yak (10)]
 19436 | Lair:5   | HP: 1/91 [yak (2)]
 19681 | Lair:5   | Found a viscous altar of Jiyva.
 19682 | Lair:5   | Found a staircase to the Slime Pits.
 19730 | Lair:5   | Noticed Totori's ghost (journeyman DrEE)
 19766 | Lair:5   | Killed Totori's ghost
 20073 | Lair:6   | Entered Level 6 of the Lair of Beasts
 20596 | Lair:6   | Reached skill level 1 in Long Blades
 21600 | Lair:6   | Received a gift from Trog
 21669 | Lair:6   | Got an encrusted short sword {god gift}
 21670 | Lair:6   | Identified the +7 short sword of the Scars {elec, Dex+3} (Trog gifted it to you on level 6 of the Lair of Beasts)
 21731 | Lair:6   | Reached XP level 15. HP: 96/96 MP: 19/19
 22763 | D:12     | Received a gift from Trog
 23360 | D:13     | Received a gift from Trog
 24580 | D:13     | Found Siobec's Food Shop.
 25679 | D:14     | Got a polished chain mail
 25690 | D:14     | Identified the +10 chain mail "Emiot" {rElec rF- rN+++ Slay+6} (You found it on level 14 of the Dungeon)
 25986 | D:14     | Found a gate to the Vaults.
 26397 | D:15     | Entered Level 15 of the Dungeon
 26885 | D:15     | Reached XP level 16. HP: 71/101 MP: 6/20
 26925 | D:15     | Noticed a fire giant
 26930 | D:15     | Found a staircase to the Depths.
 26939 | D:15     | Killed a fire giant
 27036 | D:15     | Received a gift from Trog
 27398 | D:15     | Reached skill level 15 in Dodging
 28289 | Orc:1    | Entered Level 1 of the Orcish Mines
 28289 | Orc:1    | Found a roughly hewn altar of Beogh.
 28351 | Orc:1    | Reached skill level 15 in Shields
 28659 | Orc:2    | Entered Level 2 of the Orcish Mines
 28898 | Orc:2    | Found Aloly's Weapon Shoppe.
 28919 | Orc:2    | Found Nuegh's Armour Boutique.
 29039 | Orc:2    | Found Gualemex's Book Emporium.
 29039 | Orc:2    | Found Utti's Armour Shop.
 29311 | Orc:2    | Found Poujouh's Antique Weapon Boutique.
 29313 | Orc:2    | Found Tyxkabb's Food Shoppe.
 29340 | Orc:2    | Received a gift from Trog
 29353 | Orc:2    | Found a staircase to the Elven Halls.
 29825 | Orc:1    | Noticed Galewind's ghost (journeyman DEFE)
 29851 | Orc:1    | Killed Galewind's ghost
 30125 | D:8      | Bought an embroidered hat for 203 gold pieces
 30130 | D:8      | Bought an ichor-stained chain mail for 275 gold pieces
 30140 | D:8      | Identified the +0 chain mail of Parlour Games {Stlth+} (You bought it in a shop on level 8 of the Dungeon)
 30179 | D:8      | Bought a glowing scale mail for 175 gold pieces
 30351 | Swamp:1  | Entered Level 1 of the Swamp
 32276 | Swamp:2  | Received a gift from Trog
 32518 | Swamp:2  | Reached XP level 17. HP: 101/106 MP: 21/21
 32730 | Swamp:2  | Noticed Frances
 32755 | Swamp:2  | Killed Frances
 33418 | Swamp:3  | Identified the Tome of the Supportive Oath
 34213 | Swamp:4  | Entered Level 4 of the Swamp
 34665 | Swamp:4  | Noticed a thorn hunter
 34892 | Swamp:4  | Killed a thorn hunter
 36949 | Swamp:4  | Noticed the 27-headed Lernaean hydra
 36956 | Swamp:4  | Killed the 26-headed Lernaean hydra
 36980 | Swamp:4  | Got a decaying rune of Zot
 37056 | Swamp:4  | Got a transparent broad axe
 37057 | Swamp:4  | Identified the cursed +0 broad axe of the Endless March {freeze, +Fly rC- Dex+3 SInv} (You found it on level 4 of the Swamp)
 37449 | D:8      | Bought a +3 amulet of reflection for 172 gold pieces
 37599 | Snake:1  | Entered Level 1 of the Snake Pit
 38197 | Snake:1  | Received a gift from Trog
 38197 | Snake:1  | Reached XP level 18. HP: 115/115 MP: 22/22
 38721 | Snake:2  | Found Fiureler's General Store.
 38957 | Snake:2  | Noticed Vashnia
 39019 | Snake:2  | Killed Vashnia
 39552 | Snake:2  | Reached skill level 15 in Fighting
 40476 | Snake:3  | Noticed Bai Suzhen
 40512 | Snake:3  | Received a gift from Trog
 40522 | Snake:3  | Killed Bai Suzhen
 41166 | Snake:4  | Entered Level 4 of the Snake Pit
 42513 | Snake:4  | Reached XP level 19. HP: 93/128 MP: 23/23
 43089 | Snake:3  | Received a gift from Trog
 44967 | Snake:4  | Got a serpentine rune of Zot
 45355 | Vaults:1 | Entered Level 1 of the Vaults
 45515 | Vaults:1 | Received a gift from Trog
 45598 | Vaults:1 | Reached skill level 10 in Armour
 45716 | Vaults:1 | Found Ysavyifi's Antique Armour Boutique.
 45724 | Vaults:1 | Bought a pair of runed gloves for 277 gold pieces
 45724 | Vaults:1 | Bought the +3 hat of Pondering {ponderous, MR+ MP+10 Int+5} for 1409 gold pieces
 45724 | Vaults:1 | Found the +3 hat of Pondering {ponderous, MR+ MP+10 Int+5}
 46011 | Vaults:1 | Found Vawkelow's Jewellery Emporium.
 46386 | Vaults:1 | Reached XP level 20. HP: 136/136 MP: 24/24
 46996 | Vaults:1 | Found Enuar's Antique Weapon Shop.
 48150 | Vaults:2 | Received a gift from Trog
 49227 | Vaults:2 | Found a portal to a secret trove of treasure.
 49333 | Vaults:2 | Received a gift from Trog
 49471 | Vaults:2 | Reached XP level 21. HP: 83/141 MP: 25/25
 50075 | Vaults:2 | Found a staircase to the Crypt.
 50399 | Vaults:3 | Noticed Xtahua
 50422 | Vaults:3 | Killed Xtahua
 50422 | Vaults:3 | Reached skill level 15 in Armour
 50977 | Vaults:3 | Received a gift from Trog
 51041 | Vaults:3 | Found Vojopsof's Weapon Boutique.
 51064 | Vaults:3 | Noticed Donald
 51074 | Vaults:3 | Killed Donald
 51505 | Vaults:3 | Noticed Sojobo
 51579 | Vaults:3 | Killed from afar by Sojobo

Vault maps used:
D:1:      onia_arrival_zoo_common
D:2:      lemuel_doored_altar, first_ration
D:3:      chequers_ecumenical_altar_grove, tgw_xom
D:4:      marbit_many_paths, lemuel_angel_altar
D:5:      kennysheep_little_box, temple_fountains, basic_altar,
          portal_sewer_entry_e, minmay_ruined_shrine
D:6:      okawaru_trees_1
D:8:      grunt_temple_overflow_open, serial_shops,
          nicolae_shop_overgrown_old_shop, shop_fountains, shop,
          nicolae_shop_crystal, minivault_26
D:9:      lemuel_coloured_pillars_altar, zombieorc2_lemuel, basic_altar,
          uniq_erolcha, uniq_erica
D:10:     serial_shops, shop_coins
D:11:     due_lair_maze_entry_diamond, portal_ice_cave_demonic_guard,
          hangedman_ranch
D:13:     serial_shops, shop, lightli_corner_chamber
D:14:     hangedman_vaults_entry_quadrant_bands, serial_column_ruins,
          column_ruins_hut, column_ruins_grid_1, column_ruins_columns_water,
          column_ruins_open_small, column_ruins_columns_straight,
          column_ruins_corridor_dead_end, column_ruins_corridor_straight
D:15:     grunt_enter_depths_giant_problem, serial_corexii_hall,
          corexii_hall_statues_x, corexii_hall_statues_deadend
Lair:1:   uniq_fannar, uniq_nergalle
Lair:2:   minmay_snake_entry_guardpost_small, nicolae_quartered_pool_medium,
          st_stairs_3, grunt_megastairs_4, serial_bayou_shore_a,
          lemuel_fruit_fields, serial_bayou_shore_b
Lair:3:   swamp_mist, bh_autumn_forest_stairs, uniq_urug
Lair:4:   special_room
Lair:5:   lemuel_reptile_caves, slime_altar_1, grunt_megastairs_3,
          uniq_josephine
Lair:6:   hangedman_lair_caniforms_friends, infiniplex_staircase_pool_2
Swamp:1:  evilmike_swamp_ruin_wall, nicolae_swamp_round_clearing
Swamp:2:  serial_swamp_ruin, evilmike_swamp_ruin_house_6,
          evilmike_swamp_ruin_house_5, evilmike_swamp_ruin_house_1, uniq_frances
Swamp:3:  nicolae_swamp_very_dense_foliage, infiniplex_staircase_pool
Swamp:4:  grunt_swamp_rune_castle, swamp_pool3
Snake:1:  nicolae_snake_nest, nrook_guardian_serpent_ordinary
Snake:2:  serial_shops, shop, uniq_vashnia
Snake:3:  uniq_bai_suzhen
Snake:4:  johnstein_snake_rune_scales, spider_trap, grunt_ministairs_9,
          nicolae_large_snake_swirl
Orc:1:    basic_altar
Orc:2:    st_orc_rangers, serial_shops, shop_statue, shop,
          nicolae_orc_stony_grotto
Vaults:1: v_pattern_1, nicolae_vaults_ninety_degrees, st_smaller_cells,
          hangedman_vaults_trim, hangedman_vaults_slice,
          vaults_mumra_chevron_long, hangedman_vaults_locks, grunt_vaults_focal,
          vaults_mumra_hexcomb, serial_shops, shop, nicolae_shop_stone, shop
Vaults:2: hangedman_vaults_nails, vaults_dpeg_hooks,
          minmay_crypt_entry_simple_box, v_misc_24, v_misc_26,
          vaults_room_door_ring, dpeg_vaults_monster_box,
          ontoclasm_vaults_ligature, nicolae_vaults_little_squares_2,
          nicolae_vaults_border_crossing, enter_trove_1
Vaults:3: nicolae_vaults_circle_grid_a, hangedman_vaults_stitches, st_lines,
          vaults_room_corners, v_misc_31, hangedman_vaults_variations,
          v_misc_16, v_misc_11, v_misc_29, nicolae_vaults_rhombus_6,
          ontoclasm_vaults_loading_screen, vaults_room_pools, serial_shops,
          nicolae_shop_crystal, uniq_sojobo, uniq_xtahua, uniq_frederick,
          uniq_donald
Sewer:    sewer_minmay_treatment
IceCv:    ice_cave_caverns_01

Skill      XL: |  1  2  3  4  5  6  7  8  9 10 11 12 13 14 15 16 17 18 19 20 21 |
---------------+----------------------------------------------------------------+-----
Dodging        | 3 4 5 6 7 9 11 14 17 18 | 18.0
Fighting       | 4 5 6 7 9 10 11 12 13 17 18 | 18.0
Short Blades   | 5 6 7 9 10 11 12 | 12.0
Evocations     | 1 5 6 |  6.0
Armour         | 6 8 11 14 15 | 15.7
Shields        | 4 9 11 12 14 15 17 | 17.0
Long Blades    | 2 |  2.1

Action                   |  1- 3 |  4- 6 |  7- 9 | 10-12 | 13-15 | 16-18 | 19-21 || total
-------------------------+-------+-------+-------+-------+-------+-------+-------++-------
Melee: Short sword       |   125 |    53 |       |       |   341 |       |       ||   519
       Dagger            |       |   144 |   747 |   218 |       |       |       ||  1109
       Rapier            |       |       |       |   914 |  1054 |       |       ||  1968
       Scimitar          |       |       |       |       |   401 |   246 |       ||   647
       Quick blade       |       |       |       |       |   536 |  2609 |  2750 ||  5895
Throw: Tomahawk          |       |       |     2 |    10 |       |       |       ||    12
Invok: Berserk           |       |     4 |    13 |    21 |    24 |    17 |    17 ||    96
       Brothers in Arms  |       |       |       |     3 |     7 |     6 |     6 ||    22
       Trog's Hand       |       |       |       |     1 |     6 |     3 |     9 ||    19
Evoke: Wand              |       |       |       |     7 |    20 |    24 |    12 ||    63
       Lightning rod     |       |       |       |       |     4 |       |     4 ||     8
       Box of beasts     |       |       |       |       |     1 |       |     2 ||     3
       Phial of floods   |       |       |       |       |       |       |     2 ||     2
       Lamp of fire      |       |       |       |       |       |       |     1 ||     1
  Use: Scroll            |       |     9 |     3 |    13 |     8 |    10 |     4 ||    47
       Potion            |       |       |       |     2 |     9 |     8 |     9 ||    28
 Stab: Paralysed         |       |       |       |     6 |     4 |       |       ||    10
       Distracted        |       |       |       |       |     1 |     2 |     1 ||     4
       Confused          |       |       |       |       |       |     1 |       ||     1
  Eat: Chunk             |     9 |     8 |    23 |    34 |    85 |    46 |    49 ||   254
       Ration            |       |       |       |     5 |       |     7 |     6 ||    18
Armor: Animal skin       |    11 |       |       |       |       |       |       ||    11
       Ring mail         |    21 |    49 |   156 |    30 |       |       |       ||   256
       Chain mail        |       |       |       |   393 |   694 |   140 |       ||  1227
       Swamp dragon scal |       |       |       |       |       |   222 |   147 ||   369
       Fire dragon scale |       |       |       |       |       |       |    67 ||    67
Dodge: Dodged            |    86 |   147 |   455 |   450 |   821 |  1070 |   631 ||  3660
Block: Shield            |       |       |       |   291 |  1417 |  1348 |  1072 ||  4128
       Reflection        |       |       |       |       |       |    71 |   127 ||   198
       Rpst.: Scimitar   |       |       |       |       |    75 |    65 |       ||   140

Table legend:
 A = Spawn XP
 B = Non-spawn XP
 C = Spawn XP percentage of total XP
 D = Spawn monster count
 E = Non-spawn monster count
 F = Spawn count percentage of total count
 G = Total turns spent on level
                    A         B        C        D         E        F      G
               +---------+---------+-------+---------+---------+-------+---------
         Total |       0 |  459318 |   0.0 |       0 |    1435 |   0.0 | 51579
               +---------+---------+-------+---------+---------+-------+---------
           D:1 |       0 |      34 |   0.0 |       0 |      17 |   0.0 |   590
           D:2 |       0 |      30 |   0.0 |       0 |       9 |   0.0 |   719
           D:3 |       0 |      99 |   0.0 |       0 |      25 |   0.0 |   702
           D:4 |       0 |     810 |   0.0 |       0 |      34 |   0.0 |  1633
           D:5 |       0 |     975 |   0.0 |       0 |      36 |   0.0 |  1026
           D:6 |       0 |     343 |   0.0 |       0 |      14 |   0.0 |   786
           D:7 |       0 |    1841 |   0.0 |       0 |      36 |   0.0 |  1186
           D:8 |       0 |    1119 |   0.0 |       0 |      14 |   0.0 |  1459
           D:9 |       0 |    4242 |   0.0 |       0 |      55 |   0.0 |  1852
          D:10 |       0 |    4883 |   0.0 |       0 |      28 |   0.0 |  1040
          D:11 |       0 |    7261 |   0.0 |       0 |      50 |   0.0 |  1559
          D:12 |       0 |    9098 |   0.0 |       0 |      58 |   0.0 |  1387
          D:13 |       0 |    9897 |   0.0 |       0 |      34 |   0.0 |  1150
          D:14 |       0 |   10550 |   0.0 |       0 |      39 |   0.0 |  1714
          D:15 |       0 |   15949 |   0.0 |       0 |      35 |   0.0 |  1269
        Lair:1 |       0 |    6037 |   0.0 |       0 |      26 |   0.0 |  1456
        Lair:2 |       0 |    4392 |   0.0 |       0 |      22 |   0.0 |  1782
        Lair:3 |       0 |    4521 |   0.0 |       0 |      14 |   0.0 |   960
        Lair:4 |       0 |    3604 |   0.0 |       0 |      32 |   0.0 |  1143
        Lair:5 |       0 |   10863 |   0.0 |       0 |      49 |   0.0 |  1554
        Lair:6 |       0 |   13695 |   0.0 |       0 |      73 |   0.0 |  1622
       Swamp:1 |       0 |    9635 |   0.0 |       0 |      16 |   0.0 |  1111
       Swamp:2 |       0 |   14902 |   0.0 |       0 |      39 |   0.0 |  1628
       Swamp:3 |       0 |   12475 |   0.0 |       0 |      41 |   0.0 |  2385
       Swamp:4 |       0 |   26941 |   0.0 |       0 |      44 |   0.0 |  1847
       Snake:1 |       0 |   15981 |   0.0 |       0 |      35 |   0.0 |  1382
       Snake:2 |       0 |   20180 |   0.0 |       0 |      28 |   0.0 |  1083
       Snake:3 |       0 |   24991 |   0.0 |       0 |      31 |   0.0 |  2547
       Snake:4 |       0 |   45681 |   0.0 |       0 |      88 |   0.0 |  2580
         Orc:1 |       0 |    2612 |   0.0 |       0 |      25 |   0.0 |   461
         Orc:2 |       0 |    7036 |   0.0 |       0 |      62 |   0.0 |  1257
      Vaults:1 |       0 |   56008 |   0.0 |       0 |      86 |   0.0 |  2403
      Vaults:2 |       0 |   66174 |   0.0 |       0 |      86 |   0.0 |  2438
      Vaults:3 |       0 |   33512 |   0.0 |       0 |      52 |   0.0 |  1271
         Sewer |       0 |     250 |   0.0 |       0 |      48 |   0.0 |   616
         IceCv |       0 |   12697 |   0.0 |       0 |      54 |   0.0 |  1981
               +---------+---------+-------+---------+---------+-------+---------
